cohdb
Replays
Latest Replays
All Replays
Popular Replays
Top Player Replays
Match Explorer
How It Works
Community
CoH3 Stats
Reddit
Sign in to upload your games and track your stats! →
Sign in with Steam
Match 43257871
Unlisted
Match 43257871
Overview
Messages
Build Orders
End
Construct Weapon Support Center
Engineer Squad
M1919 Machine Gun Team
Bazooka Squad
Construct Barracks
Selects Advanced Infantry Battlegroup
Selects Convert to Ranger Squad
Ranger Squad
Ranger Squad
Infantry Support Center
John Matrix
Solideres
EceH4iK
iceman
Hallek
Oberst Blech
0
0
Comments
sign in to comment!
No comments posted yet!